 Dungeon Crawl Stone Soup version 0.24.1-1-gd1d2a07e1b (webtiles) character file.

Game seed: 13237185903827621875, levelgen mode: deterministic

7501 4FPSwarrior the Fighter (level 11, -11/80 HPs)
             Began as an Octopode Gladiator on Apr 9, 2020.
             Was a High Priest of Cheibriados.
             Mangled by a yak (18 damage)
             ... on level 9 of the Dungeon.
             The game lasted 00:36:55 (12339 turns).

4FPSwarrior the Fighter (Octopode Gladiator)       Turns: 12339, Time: 00:36:56

Health: -11/80     AC:  3    Str: 26    XL:     11   Next: 16%
Magic:  15/15      EV: 18    Int: 22    God:    Cheibriados [*****.]
Gold:   1259       SH: 12    Dex: 26    Spells: 10/10 levels left

rFire    . . .     SeeInvis .     - Unarmed
rCold    + . .     Gourm    .   F - +0 shield
rNeg     + . .     Faith    .   B - +0 hat
rPois    .         Spirit   .   (no amulet)
rElec    .         Reflect  .   e - +2 ring of protection
rCorr    .         Harm     .   g - ring of protection from cold
MR       .....                  y - ring of positive energy
Stlth    ++++......             (no ring)
HPRegen  0.23/turn              (no ring)
MPRegen  0.14/turn              (no ring)
                                (no ring)
                                (no ring)

@: very slow
A: almost no armour, stealthy swim, amphibious, 8 rings, constrict 8, camouflage
1, gelatinous body 1
a: Bend Time, Temporal Distortion, Slouch, Step From Time, Renounce Religion


You were on level 9 of the Dungeon.
You worshipped Cheibriados.
Cheibriados was extremely pleased with you.
You were not hungry.

You visited 2 branches of the dungeon, and saw 10 of its levels.
You also visited: Bailey.

You collected 1401 gold pieces.
You spent 142 gold pieces at shops.

Inventory:

Hand Weapons
 d - a +2 hunting sling of flaming
Missiles
 b - 14 throwing nets
 i - 38 sling bullets
 x - 3 curare-tipped darts
 E - 105 stones
 G - 16 poisoned darts (quivered)
Armour
 t - a +0 buckler
 B - a +0 hat (worn)
 F - a +0 shield (worn)
Magical Staves
 C - an uncursed staff of wizardry {unknown}
Jewellery
 e - a +2 ring of protection (left tentacle)
 g - a ring of protection from cold (right tentacle)
 y - a ring of positive energy (on tentacle)
 M - a +4 ring of dexterity {unknown}
Wands
 k - a wand of flame (6)
Scrolls
 a - a scroll of enchant armour {unknown}
 f - 2 scrolls of remove curse
 l - a scroll of acquirement {unknown}
 m - 2 scrolls of fog
 o - 3 scrolls of amnesia
 s - a scroll of enchant weapon {unknown}
 u - 2 scrolls of noise {unknown}
 w - a scroll of random uselessness {unknown}
 z - a scroll of magic mapping
 A - a scroll of fear
 J - 2 scrolls of identify
Potions
 h - a potion of invisibility {unknown}
 j - a potion of cancellation {unknown}
 n - a potion of brilliance {unknown}
 p - 2 potions of curing
 q - a potion of berserk rage {unknown}
 r - 2 potions of might {unknown}
 v - a potion of haste {unknown}
 D - 3 potions of flight {unknown}
 H - a potion of ambrosia {unknown}
 I - a potion of degeneration {unknown}
 L - a potion of agility
Comestibles
 c - 23 rations
 K - a chunk of flesh


   Skills:
 * Level 9.0 Fighting
 + Level 6.9 Throwing
 + Level 7.3 Dodging
 + Level 3.2 Stealth
 + Level 5.3 Shields
 + Level 8.1 Unarmed Combat
 * Level 6.0 Invocations


You had 10 spell levels left.
You didn't know any spells.
Your spell library contained the following spells:

 Spells                   Type           Power        Failure   Level  Hunger
 Corona                   Hex            #......      50%         1    ##.....
 Magic Dart               Conj           #...         50%         1    ##.....
 Blink                    Tloc           N/A          65%         2    ###....
 Call Imp                 Summ           #.......     65%         2    ###....
 Ensorcelled Hibernation  Hex/Ice        #.....       65%         2    ###....
 Slow                     Hex            #.......     65%         2    ###....
 Confuse                  Hex            #.......     86%         3    ####...
 Conjure Flame            Conj/Fire      #.......     86%         3    ####...
 Dazzling Spray           Conj/Hex       #.....       86%         3    ####...
 Mephitic Cloud           Conj/Pois/Air  #.......     86%         3    ####...
 Tukima's Dance           Hex            #.......     86%         3    ####...


Dungeon Overview and Level Annotations

Branches:
Dungeon (9/15)             Temple (1/1) D:5            Lair (0/6) D:9
 Bailey (visited)
    Orc: D:9-12

Altars:
Ashenzari
Cheibriados
Dithmenos
Elyvilon
Fedhas
Gozag
Hepliaklqana
Kikubaaqudgha
Makhleb
Nemelex Xobeh
Okawaru
Qazlal
Ru
Sif Muna
Trog
Uskayaw
Vehumet
Wu Jian
Xom
Yredelemnul
Zin
The Shining One

Shops:
D:6 ?

Annotations:
D:7 exclusion: 4 doors


Innate Abilities, Weirdness & Mutations

You cannot wear most types of armour.
You are very stealthy in the water. (Stealth+)
You are amphibious.
You can wear up to eight rings at the same time.
You can use your tentacles to constrict eight enemies at once.
Your skin changes colour to match your surroundings (Stealth+).
Your rubbery body absorbs attacks. (AC +1, EV +1)


Message History

The yak is moderately wounded.
The yak gores you. The yak gores you!!
You barely miss the yak. You tentacle-slap the yak!
You squeeze the yak, but do no damage.
The yak is heavily wounded.
The yak gores you! You block the yak's attack. x2
You tentacle-slap the yak but do no damage.
The yak is heavily wounded.
The yak gores you! The yak gores you. The yak misses you.
You are too injured to fight recklessly!
The yak gores you!
* * * LOW HITPOINT WARNING * * *
You tentacle-slap the yak but do no damage.
You squeeze the yak!
The yak is moderately wounded.
The yak gores you!
* * * LOW HITPOINT WARNING * * *
Okay, then.
You fail to use your ability.
The yak gores you!!
You die...

..P....#####...<....#
.P.PP..#...'........#
P....>.'.###........#
.......### #........#
P...#'## ###'######
.PP#..# #.### .....##
#...# .##### ###.# .#
#@# .# ***#Y#****
.#######* #..YYY...#
........* #...Y....#
........* **#........#
........***,+........#
...)....*,,,#........#
........*,**#........#
........+,* #........#


You could see 5 yaks.

Vanquished Creatures
  A two-headed ogre (D:8)
  A gargoyle (D:6)
  A hornet (D:8)
  Sigmund (D:4)
  2 yaks (D:9)
  14 wargs (D:8)
  A porcupine (D:9)
  3 orc warriors
  A necrophage (D:9)
  2 ogres
  A sky beast (D:6)
  A phantom (D:7)
  A crocodile (D:9)
  A wyvern zombie (D:9)
  5 big kobolds
  9 gnoll sergeants
  2 bullfrogs
  A water moccasin zombie (D:6)
  4 scorpions
  6 killer bees (D:9)
  3 howler monkeys
  A crimson imp (D:7)
  A centaur zombie (D:9)
  10 hounds
  2 jellies
  6 gnoll shamans (Bailey)
  3 orc priests
  9 orc wizards
  3 iguanas
  2 worker ants (D:4)
  A hound zombie (D:9)
  3 hound skeletons
  A worker ant zombie (D:5)
  22 gnolls
  A howler monkey skeleton (D:4)
  15 adders
  A shadow imp (D:9)
  An adder skeleton (D:8)
  4 worms
  3 dart slugs
  4 leopard geckos
  37 orcs
  11 bats
  6 giant cockroaches
  10 goblins
  3 hobgoblins
  9 jackals
  3 ball pythons
  A ball python skeleton (D:4)
  A frilled lizard (D:1)
  22 kobolds
  A leopard gecko zombie (D:6)
  A quokka skeleton (D:7)
  A quokka zombie (D:6)
  3 rats
263 creatures vanquished.

Vanquished Creatures (others)
  8 fungi (D:9)
8 creatures vanquished.

Grand Total: 271 creatures vanquished

Notes
Turn   | Place    | Note
-------+----------+-------------------------------------------
     0 | D:1      | 4FPSwarrior the Octopode Gladiator began the quest for the
                  | Orb.
     0 | D:1      | Reached XP level 1. HP: 14/14 MP: 1/1
   299 | D:1      | Reached XP level 2. HP: 18/20 MP: 2/2
   749 | D:2      | Reached XP level 3. HP: 18/25 MP: 3/3
   907 | D:2      | Reached skill level 3 in Fighting
  1156 | D:2      | Reached XP level 4. HP: 30/31 MP: 4/4
  2181 | D:3      | Reached XP level 5. HP: 21/37 MP: 5/5
  2556 | D:3      | Reached skill level 4 in Fighting
  2745 | D:3      | Found an iron altar of Okawaru.
  2752 | D:3      | Found a glowing silver altar of Zin.
  2759 | D:3      | Found a shimmering blue altar of Sif Muna.
  2769 | D:3      | Found a bloodstained altar of Trog.
  2776 | D:3      | Found a burning altar of Makhleb.
  2786 | D:3      | Found a radiant altar of Vehumet.
  2791 | D:3      | Found a hazy altar of Hepliaklqana.
  3037 | D:4      | Noticed Sigmund
  3039 | D:4      | Reached XP level 6. HP: 38/43 MP: 6/6
  3061 | D:4      | Killed Sigmund
  3061 | D:4      | Reached skill level 5 in Unarmed Combat
  3061 | D:4      | Reached XP level 7. HP: 27/49 MP: 7/7
  3352 | D:4      | Reached skill level 5 in Fighting
  3982 | D:4      | Reached XP level 8. HP: 48/55 MP: 8/8
  4358 | D:5      | Entered Level 5 of the Dungeon
  4792 | D:5      | Reached skill level 1 in Shields
  4962 | D:5      | Found a staircase to the Ecumenical Temple.
  4971 | Temple   | Entered the Ecumenical Temple
  5126 | Temple   | Became a worshipper of Cheibriados the Contemplative
  5735 | D:5      | Reached skill level 5 in Dodging
  6044 | D:6      | Noticed a gargoyle
  6242 | D:6      | Reached * piety under Cheibriados
  6505 | D:6      | Found Zips's Magic Scroll Shop.
  6514 | D:6      | Bought a scroll of identify for 26 gold pieces
  6514 | D:6      | Bought a scroll of magic mapping for 45 gold pieces
  6514 | D:6      | Bought a scroll of fog for 26 gold pieces
  6514 | D:6      | Bought a scroll of fear for 45 gold pieces
  6693 | D:6      | Killed a gargoyle
  6693 | D:6      | Reached skill level 6 in Fighting
  6693 | D:6      | Reached skill level 5 in Throwing
  6693 | D:6      | Reached skill level 1 in Invocations
  6693 | D:6      | Reached XP level 9. HP: 27/62 MP: 8/10
  7115 | D:7      | Reached ** piety under Cheibriados
  7282 | D:7      | Found an ornate altar of the Wu Jian Council.
  7835 | D:8      | Reached *** piety under Cheibriados
  8143 | D:8      | Reached skill level 7 in Fighting
  8437 | D:8      | Noticed a hornet
  8439 | D:8      | Paralysed by a hornet for 2 turns
  8445 | D:8      | Killed a hornet
  8445 | D:8      | Reached XP level 10. HP: 34/71 MP: 8/12
  8750 | D:8      | Noticed a two-headed ogre
  8760 | D:8      | Killed a two-headed ogre
  8930 | D:8      | Found a hide-covered altar of Uskayaw.
  8930 | D:8      | Found an ancient bone altar of Kikubaaqudgha.
  9476 | D:8      | Reached skill level 8 in Fighting
  9921 | D:8      | Noticed an orc knight
  9921 | D:8      | Noticed an orc knight
  9969 | D:9      | Found a flagged portal.
  9987 | Bailey   | Entered a bailey
 10842 | Bailey   | Reached skill level 1 in Stealth
 10842 | Bailey   | Reached skill level 5 in Invocations
 11217 | Bailey   | Reached **** piety under Cheibriados
 11293 | Bailey   | Reached skill level 5 in Shields
 11748 | D:9      | Reached XP level 11. HP: 75/78 MP: 15/15
 11948 | D:9      | Reached ***** piety under Cheibriados
 12242 | D:9      | Found a staircase to the Lair.
 12332 | D:9      | Reached skill level 9 in Fighting
 12339 | D:9      | Mangled by a yak

Levels and vault maps discovered:
D:1:      minmay_arrival_hallway, layout_basic, nrook_uturn
D:2:      layout_rooms
D:3:      layout_basic, grunt_temple_overflow_octagram, first_ration,
          kennysheep_generic_room_12
D:4:      layout_layer_cave, uniq_sigmund
D:5:      layout_loops_corners, minmay_temple_entry_mini_moons,
          minmay_manual_macuahuitl
D:6:      layout_cave_pools, serial_shops,
          nicolae_shop_competitors_out_of_business
D:7:      kennysheep_big_flooded_room, layout_loops_ring, basic_altar
D:8:      lemuel_castle_with_subvaults [lemuel_castle_interior_carwin_2],
          layout_loops_ring, gammafunk_temple_overflow_elements
D:9:      layout_roguey, grunt_lair_entry_orc_guard_hut, enter_bailey_3,
          blue_anna_alchemist [blue_anna_fruit_fields, blue_anna_fruit_fields]
Temple:   nicolae_temple_figure_eight

Skill      XL: |  1  2  3  4  5  6  7  8  9 10 11 |
---------------+----------------------------------+-----
Fighting       | 3 4 5 6 7 8 9 |  9.0
Unarmed Combat | 4 5 6 7 8 |  8.1
Throwing       | 3 4 5 6 |  6.9
Dodging        | 4 5 6 7 |  7.3
Shields        | 2 4 5 |  5.3
Invocations    | 1 3 5 6 |  6.0
Stealth        | 2 3 |  3.2

Action                   |  1- 3 |  4- 6 |  7- 9 | 10-12 || total
-------------------------+-------+-------+-------+-------++-------
Melee: Unarmed           |    56 |   104 |   290 |   265 ||   715
       Constrict         |    18 |    29 |    70 |    50 ||   167
       Tentacles         |     8 |    21 |    85 |   107 ||   221
       Punch             |     1 |     3 |    21 |    40 ||    65
Throw: Throwing net      |       |     1 |     2 |     2 ||     5
       Dart              |       |       |    43 |    47 ||    90
Invok: Bend Time         |       |       |     2 |     4 ||     6
       Temporal Distorti |       |       |       |     1 ||     1
  Use: Scroll            |     1 |     1 |     4 |     4 ||    10
       Potion            |       |       |     3 |     2 ||     5
 Stab: Sleeping          |     3 |     5 |     8 |     5 ||    21
       Held in net/web   |       |     1 |     1 |       ||     2
       Distracted        |       |       |       |     2 ||     2
  Eat: Chunk             |     1 |     5 |    11 |     3 ||    20
       Ration            |       |       |     1 |     1 ||     2
Armor: Skin              |    11 |    14 |    18 |    10 ||    53
Dodge: Dodged            |    44 |    64 |   157 |   171 ||   436
Block: Buckler           |       |       |    25 |       ||    25
       Shield            |       |       |    22 |   175 ||   197
